 Dungeon Crawl Stone Soup version 0.19.5 (webtiles) character file.

101 Monsterracer the Cudgeler (level 4, -3/45 HPs)
             Began as an Ogre Hunter on Apr 13, 2017.
             Slain by an iguana (10 damage)
             ... on level 4 of the Dungeon.
             The game lasted 00:09:04 (2995 turns).

Monsterracer the Cudgeler (Ogre Hunter)             Turns: 2995, Time: 00:09:04

Health: -3/45      AC:  3    Str: 20    XL:     4   Next: 75%
Magic:  0/4        EV: 10    Int: 10    God:
Gold:   125        SH:  0    Dex: 10    Spells: 0 memorised, 3 levels left

rFire  . . .     SeeInvis +     a - +0 mace
rCold  . . .     Gourm    .     b - +0 robe
rNeg   . . .     Faith    .     (no shield)
rPois  .         Spirit   +     (helmet restricted)
rElec  .         Reflect  .     (no cloak)
rCorr  .         Harm     .     (gloves unavailable)
MR     .....                    (boots unavailable)
Stlth  +.........               e - amulet of guardian spirit
                                i - ring of see invisible
                                h - +2 ring of strength

@: no status effects
A: unfitting armour, tough skin 1
a: no special abilities


You were on level 4 of the Dungeon.
You were not hungry.

You visited 1 branch of the dungeon, and saw 4 of its levels.

You collected 125 gold pieces.

Inventory:

Hand Weapons
 a - a +0 mace (weapon)
Missiles
 c - 5 large rocks
 d - 2 throwing nets
 k - 94 stones (quivered)
 v - 6 javelins
Armour
 b - a +0 robe (worn)
Jewellery
 e - an amulet of guardian spirit (around neck)
 h - a +2 ring of strength (left hand)
 i - a ring of see invisible (right hand)
 s - an uncursed ring of ice
Scrolls
 m - a scroll of enchant armour {unknown}
 o - a scroll of enchant weapon {unknown}
 p - a scroll of teleportation {unknown}
 q - 2 scrolls of remove curse {unknown}
 t - a scroll of magic mapping {unknown}
Potions
 j - 2 potions of heal wounds
 l - 2 potions of might
 n - 2 potions of curing
 u - a potion of agility
Comestibles
 f - 5 bread rations
 g - a meat ration
 r - a beef jerky


   Skills:
 + Level 3.3 Fighting
 + Level 4.4 Maces & Flails
 * Level 4.2 Throwing
 + Level 2.1 Dodging
 - Level 0.6 Stealth


You had 3 spell levels left.
You didn't know any spells.

Dungeon Overview and Level Annotations

Branches:
Dungeon (4/15)
 Temple: D:4-7

Altars:
Gozag


Innate Abilities, Weirdness & Mutations

You are too large for most types of armour.
You have tough skin. (AC +1)


Message History

The iguana is lightly wounded.
The iguana closely misses you.
You barely miss the iguana.
The iguana is lightly wounded.
The iguana barely misses you.
You thump the iguana!
The iguana is severely wounded.
The iguana bites you but does no damage.
You hit the iguana.
The iguana is severely wounded.
The iguana bites you but does no damage.
You hit the iguana but do no damage.
The iguana is severely wounded.
The iguana bites you.
You hit the iguana but do no damage.
The iguana is severely wounded.
The iguana bites you!
* * * LOW HITPOINT WARNING * * *
The iguana bites you!
You die...

# #. ###.## .....
### ###...### #.. ##
#.......###.# #.## #
#.......##.###...##.
#...).l@.%.........
###...####.##....#
..... ##.#.#.# ##.#
##...# # ##.## #.#
#.# #.# #.# #


You could see an iguana.

Vanquished Creatures
  3 adders (D:3)
  An adder skeleton (D:4)
  2 worms
  3 dart slugs
  A leopard gecko (D:3)
  An orc (D:3)
  3 giant cockroaches (D:3)
  3 hobgoblins (D:1)
  9 kobolds
  3 quokkas
  2 ball pythons (D:1)
  6 bats
  9 frilled lizards
  9 goblins
  A quokka skeleton (D:3)
  4 rats
60 creatures vanquished.

Notes
Turn   | Place    | Note
-------+----------+-------------------------------------------
     0 | D:1      | Monsterracer the Ogre Hunter began the quest for the Orb.
     0 | D:1      | Reached XP level 1. HP: 22/22 MP: 1/1
   383 | D:1      | Reached skill level 1 in Maces & Flails
   801 | D:1      | Reached XP level 2. HP: 29/29 MP: 2/2
  1138 | D:2      | Found a faded altar of an unknown god.
  1234 | D:2      | Reached XP level 3. HP: 34/36 MP: 3/3
  2047 | D:3      | Found an opulent altar of Gozag.
  2251 | D:3      | Reached XP level 4. HP: 43/45 MP: 4/4
  2995 | D:4      | Slain by an iguana

Skill      XL: |  1  2  3  4 |
---------------+-------------+-----
Maces & Flails | 1 3 4 |  4.4
Fighting       | 3 |  3.3
Dodging        | 2 |  2.1
Throwing       | |  4.2
Stealth        | |  0.6

Action                   |  1- 3 |  4- 6 || total
-------------------------+-------+-------++-------
Melee: Mace              |    92 |    45 ||   137
       Unarmed           |     5 |       ||     5
Throw: Large rock        |     3 |       ||     3
       Stone             |    80 |    31 ||   111
       Javelin           |       |     1 ||     1
  Use: Potion            |     5 |       ||     5
       Scroll            |     2 |       ||     2
 Stab: Sleeping          |     2 |       ||     2
  Eat: Chunk             |     4 |     3 ||     7
Armor: Robe              |    33 |    21 ||    54
Dodge: Dodged            |    58 |    28 ||    86
